[Event "AUT Bundesliga 2024-25"]
[Site "Austria"]
[Date "2025.04.03"]
[Round "7.6"]
[White "Krebs, Johann"]
[Black "Saric, Ante"]
[Result "0-1"]
[Annotator "TA"]
[ECO "D36"]
[WhiteElo "2231"]
[BlackElo "2490"]
[PlyCount "126"]
[EventDate "2024.08.28"]
[EventType "team-tourn"]
[EventCountry "AUT"]
[SourceTitle "playchess.com"]
[Source "ChessBase"]
[SourceQuality "1"]
[TimeControl "40/5400+30:1800+30"]

1. d4 d5 2. c4 e6 3. Nc3 Be7 4. cxd5 exd5 5. Nf3 c6 6. Qc2 Nf6 7. Bg5 g6 8. e3 Bf5 9. Bd3 Bxd3 10. Qxd3 Nbd7 11. O-O {[%emt 0:05:24] 11.Bh6 deserves study.} O-O 12. Rab1 Re8 {[%emt 0:04:02] D36: Queen's Gambit Declined: Exchange Variation: Main line (5 Bg5 c6 6 Qc2).} 13. b4 a6 14. Na4 Ne4 {[%emt 0:02:50] The position is equal.} 15. Bxe7 Qxe7 16. Nc5 Nb6 17. Rfc1 $146 (17. a4 Nc4 18. a5 {½-½ Ujtelky,M-Jansa,V CSR-ch33 sf  1963 (5.5)}) 17... Kg7 18. a4 Nd6 19. Nd2 h5 20. Re1 Nbc4 21. a5 Nxd2 22. Qxd2 Qg5 23. Qd3 Re7 24. Re2 Nf5 25. e4 dxe4 26. Nxe4 Qf4 27. g3 Qc7 28. Qc3 Rd8 29. d5+ Qe5 30. dxc6 Nd4 31. Re3 Nxc6 32. Nc5 Qxc3 33. Rxc3 Rd2 34. Kg2 (34. h4 $11 {remains equal.}) 34... Ree2 $17 {[%emt 0:01:03] Black converts the advantage convincingly.} 35. Nd3 {[%emt 0:01:12] [#]} Re3 $1 {[%emt 0:03:02] Black has more active pieces.} 36. Rd1 Rxd1 37. fxe3 {[%emt 0:00:06][%mdl 4096] Endgame KRN-KRN} Rb1 38. Rc4 {[%emt 0:02:56] [#]} (38. Kf3 $142) 38... Rb3 $1 39. Nc5 Rb2+ ({Don't play} 39... Rxe3 40. Nxb7 Ne5 41. Rf4 $15) (39... Rxb4 40. Rxb4 Nxb4 41. Kf3 $11) 40. Kf1 Nxb4 (40... Rxh2 41. Nxb7 Ne5 42. Re4 $11) 41. Na4 (41. e4 $142) 41... Rb1+ $19 ({Not} 41... Rxh2 42. Rxb4 Ra2 43. Rc4 $16) 42. Ke2 Nc6 43. Rc5 Rb4 44. Nc3 Rb2+ 45. Kf3 Rxh2 46. Ne2 h4 47. g4 (47. Nd4 $142 Nxd4+ 48. exd4) 47... Rh1 48. Nd4 Rf1+ 49. Kg2 Rf6 50. Rd5 $2 (50. Kh3) 50... Nxd4 51. exd4 {[%emt 0:00:14] KR-KR. Black is two pawns up.} Rf4 52. Kh3 Kh6 53. Kxh4 f5 54. Kg3 Rxg4+ 55. Kf3 Kg5 56. Rd7 Rg1 57. d5 (57. Rxb7 $142 Ra1 58. Rb2) 57... Ra1 58. Rxb7 (58. Ke3 $142 Rxa5 59. Kd4) 58... Ra3+ {[%emt 0:00:14] Black is clearly winning.} (58... Rxa5 $2 59. Rd7 $19) 59. Ke2 Rxa5 60. d6 Rd5 61. d7 a5 62. Ke3 a4 63. Ra7 {[%emt 0:00:05] [#]} a3 $1 {[%emt 0:00:10] Weighted Error Value: White=0.33/Black=0.07 (flawless)   Mistake:       	White=7     	---        Inaccurate:     	---       	Black=1      OK:         	White=20    	Black=29     Best:        	White=1     	Black=6      Strong:       	---       	Black=2} 0-1

[Event "AUT Bundesliga 2024-25"]
[Site "Austria"]
[Date "2025.04.03"]
[Round "7.8"]
[White "Michalik, Peter"]
[Black "Vitouch, Anatol"]
[Result "1-0"]
[Annotator "TA"]
[ECO "A13"]
[WhiteElo "2563"]
[BlackElo "2271"]
[PlyCount "79"]
[EventDate "2024.08.28"]
[EventType "team-tourn"]
[EventCountry "AUT"]
[SourceTitle "playchess.com"]
[Source "ChessBase"]
[SourceQuality "1"]
[TimeControl "40/5400+30:1800+30"]

1. Nf3 d5 2. e3 e6 3. b3 Nf6 4. Bb2 Be7 5. c4 O-O 6. Qc2 {[%emt 0:01:06] A13: English Opening: 1...e6.} c5 7. cxd5 exd5 8. d4 {[%emt 0:00:21] The position is equal.} Nc6 {[%emt 0:08:36] [#]} 9. dxc5 $146 (9. Be2 cxd4 10. Nxd4 Bb4+ 11. Kf1 Nxd4 12. Bxd4 Be6 13. a3 Rc8 14. Qb2 Be7 15. Nd2 {0-1 Johnson,B (1961)-Itkis,B (2317) Titled Tuesday intern op 11th Jul Early blitz 2023 (2)}) 9... Qa5+ 10. Qc3 Nb4 {[%emt 0:33:18][%cal Od5d4] ...d4! is the strong threat.} 11. Nbd2 $1 (11. a3 $2 Nc2+ 12. Kd1 Qxc3 (12... Qxc5 $2 13. Qxc2 Qd6 14. Nc3 $18) 13. Nxc3 Nxa1 14. Bxa1 Bxc5 $19) 11... Qxc5 (11... Bf5 $5 12. Rc1 Rac8 $16 (12... Qxa2 $2 13. Nd4 $18)) 12. Qxc5 Bxc5 13. Rc1 {[%emt 0:00:05] Inhibits Nc2+.} Bb6 14. a3 Nc6 15. Bd3 Be6 16. O-O Rfd8 17. h3 d4 18. e4 Nh5 19. Rfe1 Nf4 20. Bf1 Rac8 21. Kh2 d3 22. g3 Ng6 23. Kg2 $1 f6 24. Red1 Rd7 25. Nc4 Bxc4 {[%emt 0:00:10] White leaves nothing to chance now.} 26. Rxc4 Rcd8 {[%emt 0:00:10] [#]} ({Black should try} 26... Re8 27. Rxd3 Rde7) 27. Rc3 $1 $16 Nge5 28. Nxe5 fxe5 29. Rcxd3 Rxd3 30. Rxd3 Nd4 31. Rd1 Kf7 32. Bc4+ Ke7 33. Bd5 Rc8 34. Rc1 ({But not} 34. Bxb7 $6 Rc2 35. Bxd4 Bxd4 $14) 34... Rxc1 35. Bxc1 $18 {[%emt 0:00:05] KBB-KBN. White is a pawn up.} Nc6 36. Kf1 Kd6 37. Ke2 Nd4+ 38. Kd3 Bd8 (38... Nc6 $142 39. f4 Bf2) 39. f4 {[%emt 0:00:46] Hoping for fxe5+.} ({Weaker is} 39. Bxb7 Nxb3 40. Be3 Nc5+ 41. Bxc5+ Kxc5 $14) 39... Bf6 40. Be3 {[%emt 0:00:17] Weighted Error Value: White=0.04 (flawless) /Black=0.17 (very precise)   Mistake:       	---       	Black=2      Inaccurate:     	White=2     	Black=5      OK:         	White=17    	Black=12     Best:        	White=1     	---        Strong:       	White=3     	---} (40. Bxb7 Nxb3 41. Be3 Nc5+ 42. Bxc5+ Kxc5 $14) 1-0

[Event "AUT Bundesliga 2024-25"]
[Site "Austria"]
[Date "2025.04.03"]
[Round "7.9"]
[White "Rubil, Marko"]
[Black "Vogel, Roven"]
[Result "0-1"]
[Annotator "TA"]
[ECO "B12"]
[WhiteElo "2276"]
[BlackElo "2557"]
[PlyCount "78"]
[EventDate "2024.08.28"]
[EventType "team-tourn"]
[EventCountry "AUT"]
[SourceTitle "playchess.com"]
[Source "ChessBase"]
[SourceQuality "1"]
[TimeControl "40/5400+30:1800+30"]

1. e4 c6 2. d4 d5 3. e5 Bf5 4. h4 h5 5. c4 e6 6. Nc3 Ne7 7. Bg5 Qb6 {[%emt 0:00:20] B12: Caro-Kann: Advance Variation.} 8. Qd2 Nd7 9. Nf3 f6 {[%emt 0:06:57] The position is equal.} 10. exf6 gxf6 11. Bf4 Bg4 $146 (11... Qa5 $15) (11... Qa5 12. c5 b6 13. cxb6 axb6 14. Bd3 Kf7 15. O-O b5 16. a4 b4 17. Ne2 Bxd3 18. Qxd3 {½-½ Brown,H (1869)-Deskin,G (2027) VW-Cup6 Gr18 email 2013}) 12. Bd3 dxc4 13. Bxc4 Nd5 14. Bg3 Bxf3 15. gxf3 Bh6 16. Qe2 O-O-O {[%emt 0:00:29] A sharp opening} 17. Rd1 f5 18. Bd6 Rhe8 19. Kf1 Bf4 (19... Nf8 {is interesting.} 20. Be5 Nf4 21. Na4 Qb4) 20. Ba3 (20. Bxd5 $1 $11 Bxd6 (20... exd5 21. Be7 $14) 21. Bxe6) 20... N7f6 $17 {[%emt 0:10:04] Black has more active pieces.} 21. Rg1 Qc7 {[%emt 0:02:05] Prevents Rg7} 22. Qc2 (22. Bxd5 $17 {was necessary.} Nxd5 (22... exd5 23. Qd3 $14) 23. Nxd5 Rxd5 (23... exd5 24. Qd3 $11) 24. Rg8) 22... Kb8 23. Na4 (23. Rg2 $17) 23... Rg8 24. Rxg8 Rxg8 25. Nc5 Qg7 26. Ke2 {[%emt 0:05:44] [#] Wards off Ne3} Bc7 (26... Qg2 $1 $19 {Hoping for ...Ne3.} 27. Bxd5 Nxd5) 27. Re1 (27. Nxe6 $2 Re8 28. Qxf5 Rxe6+ 29. Kd2 Re8 $19) 27... Qg2 28. Qb3 Bb6 (28... Nf4+ 29. Kd1 Bb6 30. Qe3 $17 (30. Nxe6 Nxe6 31. Bxe6 Rd8 $17)) (28... Nb6 $19 29. Bxe6 Re8) 29. Nxe6 Re8 30. Bd6+ ({White should play} 30. Kd1 $1 $15 Qxf2 31. Re2 Qg1+ (31... Qxh4 32. Bd6+ Bc7 33. Rh2 $16) 32. Kc2) 30... Kc8 {[%emt 0:01:14] Chess con chili.} 31. Kd1 {[%emt 0:00:43] [#]} Qxf2 $40 {[%emt 0:02:03][%mdl 128] Black attacks Black has some attack.} (31... Ba5 $1 $17 32. Ba6 Bb6 (32... bxa6 33. Qb8+ Kd7 34. Nc5#)) 32. Qd3 $2 {[%emt 0:00:11][%mdl 8192] Now White is beyond hope.} (32. Re2 $1 $15 Qg1+ (32... Qxh4 $2 {perishes.} 33. Rh2 $18) 33. Kc2) 32... Qxb2 $19 33. Re5 Ba5 34. Ba3 Nc3+ {[%emt 0:01:29] A dynamic duo of knights.} 35. Ke1 Qxa3 36. Qxf5 Nce4+ ({Inferior is} 36... Nxa2+ 37. Kf2 Nd7 (37... Qb2+ $2 38. Re2 $18) 38. Rxa5 Qb2+ 39. Kg3 $11) 37. Kd1 {[%emt 0:01:21] [#]} Qe3 $1 38. Nc5+ (38. Ng7+ Kc7) 38... Kc7 39. Nxe4 Qxd4+ {[%emt 0:00:08] Weighted Error Value: White=0.85/Black=0.39  Loses game:     	White=1     	---        Mistake:       	White=4     	Black=4      Inaccurate:     	White=2     	Black=2      OK:         	White=8     	Black=9      Best:        	White=3     	Black=4} 0-1

[Event "AUT Bundesliga 2024-25"]
[Site "Austria"]
[Date "2025.04.03"]
[Round "7.10"]
[White "Votava, Jan"]
[Black "Kuthan, Andreas"]
[Result "1-0"]
[Annotator "TA"]
[ECO "E94"]
[WhiteElo "2455"]
[BlackElo "2136"]
[PlyCount "65"]
[EventDate "2024.08.28"]
[EventType "team-tourn"]
[EventCountry "AUT"]
[SourceTitle "playchess.com"]
[Source "ChessBase"]
[SourceQuality "1"]
[TimeControl "40/5400+30:1800+30"]

1. d4 Nf6 2. c4 g6 3. Nc3 Bg7 4. e4 d6 5. Nf3 O-O 6. Be2 e5 7. O-O exd4 8. Nxd4 Re8 9. f3 c6 10. Kh1 Nbd7 {[%emt 0:02:21] E94: King's Indian: Classical: 6 Be2 e5 7 0-0: Various Black 7th moves.} 11. Be3 Nb6 12. Qd2 d5 {[%emt 0:07:14] The position is equal.} 13. cxd5 cxd5 14. Ndb5 a6 {[%emt 0:30:02] Prevents a4.} 15. Na3 Be6 $146 (15... Bd7 16. Rad1 dxe4 17. fxe4 Na4 18. e5 Rxe5 19. Nc4 Nxc3 20. Nxe5 Nxd1 21. Rxd1 Qe8 22. Nxd7 Nxd7 23. Qxd7 Qxe3 {½-½ Budisavljevic,L (2491)-Sasikiran,K (2604) Aimchess Play In op rapid 2023 (9)}) 16. Rad1 Nc4 (16... Qc7 $11) 17. Nxc4 $16 dxc4 {[%emt 0:00:02] [#]} 18. Qxd8 (18. e5 $1 $16 Qxd2 19. Rxd2) 18... Raxd8 $11 19. a4 Nd7 20. f4 {[%emt 0:05:22] Dodges Ne5} Nb8 21. Rxd8 Rxd8 22. f5 gxf5 23. exf5 Bd7 24. f6 Re8 25. Bg1 Bf8 26. Bxc4 Nc6 27. Bd5 {[%emt 0:04:26] White is more active.} Re5 28. h3 Bb4 (28... Re8 $16 29. Rf3 Be6) 29. Rd1 $18 h6 {[%emt 0:01:46] [#]} 30. Bxf7+ $1 Kxf7 31. Rxd7+ Kxf6 32. Rxb7 {[%emt 0:00:35] And now Rb6 would win.} Kf5 (32... Ke6 $142 33. Bf2 (33. Rb6 Kd7 $18) 33... Bxc3) 33. Rb6 {[%emt 0:00:50][%csl LRa6,LRc6] Weighted Error Value: White=0.12 (very precise) /Black=0.26 (precise)   Mistake:       	White=1     	Black=3      Inaccurate:     	White=1     	Black=2      OK:         	White=13    	Black=5      Best:        	White=3     	Black=1} 1-0

[Event "AUT Bundesliga 2024-25"]
[Site "Austria"]
[Date "2025.04.03"]
[Round "7.11"]
[White "Lovrinovic, Christian"]
[Black "Lanka, Zigurds"]
[Result "1/2-1/2"]
[Annotator "RC"]
[ECO "E97"]
[WhiteElo "2062"]
[BlackElo "2326"]
[PlyCount "73"]
[EventDate "2024.08.28"]
[EventType "team-tourn"]
[EventCountry "AUT"]
[SourceTitle "playchess.com"]
[Source "ChessBase"]
[SourceQuality "1"]
[TimeControl "40/5400+30:1800+30"]

1. d4 Nf6 2. c4 g6 3. Nc3 Bg7 4. e4 d6 5. Nf3 O-O 6. Be2 e5 7. O-O Nc6 8. d5 Ne7 9. b4 c6 10. Bb2 cxd5 11. cxd5 Ne8 12. Rc1 Bh6 13. Rc2 f5 14. Bc1 Bxc1 15. Qxc1 Nf6 16. Ng5 fxe4 17. Ngxe4 Nxe4 18. Nxe4 Nf5 19. Bg4 Bd7 20. Rc7 Rc8 21. Rxc8 Bxc8 22. Bxf5 Bxf5 23. Ng3 Kg7 24. Qe3 a5 25. Qa7 Bd3 26. Rc1 Rf7 27. Qxa5 Qxa5 28. bxa5 e4 29. Re1 Rc7 30. h3 Rc4 31. f3 exf3 32. gxf3 Rc5 33. Re7+ Kh6 34. Rxb7 Rxd5 35. Ne4 Bxe4 36. fxe4 Rxa5 37. Rb6 1/2-1/2

[Event "AUT Bundesliga 2024-25"]
[Site "Austria"]
[Date "2025.04.03"]
[Round "7.12"]
[White "Schiestl, Josef"]
[Black "Karelina, Polina"]
[Result "1/2-1/2"]
[Annotator "NA RC"]
[ECO "B08"]
[WhiteElo "2068"]
[BlackElo "1903"]
[PlyCount "36"]
[EventDate "2024.08.28"]
[EventType "team-tourn"]
[EventCountry "AUT"]
[SourceTitle "playchess.com"]
[Source "ChessBase"]
[SourceQuality "1"]
[TimeControl "40/5400+30:1800+30"]

1. e4 d6 2. d4 Nf6 3. Nc3 g6 4. Nf3 Bg7 5. Be2 O-O 6. O-O c6 7. h3 Qc7 8. Be3 e5 9. Re1 Nbd7 10. Qd2 b5 11. a3 a6 12. dxe5 dxe5 13. Nh2 Bb7 14. Rad1 Rad8 15. Qd6 Ne8 16. Qd2 Nef6 17. Qd6 Ne8 18. Qd2 Nef6 1/2-1/2

[Event "AUT Bundesliga 2024-25"]
[Site "Austria"]
[Date "2025.04.03"]
[Round "7.13"]
[White "Vachier-Lagrave, Maxime"]
[Black "Kadric, Denis"]
[Result "1-0"]
[Annotator "TA"]
[ECO "C50"]
[WhiteElo "2722"]
[BlackElo "2533"]
[PlyCount "65"]
[EventDate "2024.08.28"]
[EventType "team-tourn"]
[EventCountry "AUT"]
[SourceTitle "playchess.com"]
[Source "ChessBase"]
[SourceQuality "1"]
[TimeControl "40/5400+30:1800+30"]

1. e4 d6 2. d4 Nf6 3. Nc3 e5 4. Nf3 Nbd7 5. Bc4 Be7 6. O-O O-O 7. Re1 exd4 8. Nxd4 Ne5 9. Bf1 {[%emt 0:01:46] C50: Hungarian Defence and Giuoco Pianissimo.} Re8 10. h3 Ng6 {[%emt 0:00:06] 10...h6 is the modern continuation.} 11. b3 {[%emt 0:06:16] White is slightly better.} Bf8 12. Bb2 $146 (12. Bg5 h6 13. Bxf6 Qxf6 14. Nd5 Qd8 15. Bb5 Bd7 16. Bxd7 Qxd7 17. c4 Rab8 18. Nf5 {0-1 Krapivin,A (2378)-Palekha,A (2421) Serpukhov-A 2003 (11)}) 12... Bd7 13. Qd2 c6 14. a4 Qc7 15. g3 Rad8 16. Bg2 a6 17. a5 d5 18. exd5 Rxe1+ 19. Rxe1 Bb4 20. dxc6 Bxc6 21. Bxc6 bxc6 22. Qe3 Qd7 23. Nf3 Bxa5 (23... Qxh3 $2 24. Qb6 Bxa5 25. Qxa5 $18) (23... Nd5 $11 24. Qd4 c5) 24. Qc5 $14 Qc7 {[%emt 0:09:26] aiming for ...Bb6.} 25. Kg2 Nd5 26. Nxd5 cxd5 27. Qxc7 (27. Qd4 {is more complex.} f6 28. Ra1 Bb6 29. Qb4) 27... Bxc7 28. Nd4 Rc8 {[%emt 0:09:26] [#] Black cannot hold the game after this.} (28... a5 $16 {is a better defense.} 29. Nf5 f6) 29. Nf5 $1 $18 f6 {[%emt 0:00:58][%cal Bf7f6,Bf6e5][%mdl 32] [#]} 30. Re7 {[%emt 0:03:43][%mdl 512] White has a decisive advantage.} Be5 (30... Kh8 31. Rxg7) 31. Rxg7+ Kh8 32. Bxe5 fxe5 33. Ra7 {[%emt 0:00:06] Weighted Error Value: White=0.05 (flawless) /Black=0.15 (very precise)   Mistake:       	---       	Black=2      OK:         	White=12    	Black=5      Best:        	White=1     	Black=2      Strong:       	White=1     	---        Brilliant:      	White=1     	---} 1-0

[Event "AUT Bundesliga 2024-25"]
[Site "Austria"]
[Date "2025.04.03"]
[Round "7.14"]
[White "Petrov, Nikita"]
[Black "Mamedyarov, Shakhriyar"]
[Result "0-1"]
[Annotator "TA"]
[ECO "C77"]
[WhiteElo "2567"]
[BlackElo "2748"]
[PlyCount "118"]
[EventDate "2024.08.28"]
[EventType "team-tourn"]
[EventCountry "AUT"]
[SourceTitle "playchess.com"]
[Source "ChessBase"]
[SourceQuality "1"]
[TimeControl "40/5400+30:1800+30"]

1. e4 e5 2. Nf3 Nc6 3. Bb5 a6 4. Ba4 Nf6 5. Nc3 Be7 6. O-O b5 7. Bb3 O-O 8. d3 d6 9. a3 Be6 {[%emt 0:05:49] C77: Ruy Lopez: 3...a6 4 Ba4 Nf6, unusual lines.} 10. Bxe6 fxe6 11. Bd2 Qe8 {[%emt 0:03:17] The position is equal.} 12. b4 $146 (12. Ne2 Nh5 13. c3 d5 14. Ng3 Rd8 15. Nxh5 Qxh5 16. Qe2 Rf7 17. Rae1 Bf6 18. Be3 Qg6 19. Bc1 h6 20. h3 Kh7 21. Nd2 Rfd7 22. Nf3 Rf7 23. Nd2 Rfd7 24. Nf3 {½-½ Kovacevic,A (2480)-Scekic,M (2381) SRB-chT Subotica 2019 (8.1)}) 12... h6 13. a4 Rb8 14. axb5 axb5 15. Ne2 d5 16. Ng3 dxe4 17. dxe4 (17. Nxe4 Nxe4 18. dxe4 Rd8 $15) 17... Nxb4 18. Nxe5 Rd8 19. Nf3 Nc6 20. c3 Nd7 21. Nd4 Nxd4 (21... Nc5 $5) 22. cxd4 c5 (22... Kh8 {simplifies} 23. Ba5 Nb6 24. Bxb6 cxb6 25. Ne2 b4) 23. Qg4 Qf7 $1 24. dxc5 (24. Ra6 $11) 24... Bxc5 25. Qe2 (25. Bxh6 $2 Ne5 (25... Bxf2+ 26. Kh1 $11) 26. Qg5 Bd4 $17 (26... Bxf2+ 27. Kh1 $16)) 25... b4 {[%emt 0:01:57][%csl Ob4] Black has a strong passed pawn} 26. Be3 (26. Rab1 $11 {remains equal.}) 26... Rb8 {[%emt 0:00:58] White is now going downhill.} 27. Bxc5 Nxc5 28. Qe3 Rfc8 29. f4 (29. Rab1 $17 {might work better.}) 29... b3 $19 30. f5 b2 31. Rab1 Na4 32. Qa3 {[%emt 0:05:43] [#]} Rc4 33. Qd6 $2 (33. f6) 33... Qa7+ 34. Kh1 Qb6 (34... Nc3 $142 35. Rxb2 Rxb2 36. fxe6 Rc7 (36... Nxe4 37. Qf8+ Kh7 38. Nxe4 $11)) 35. Qd7 $2 (35. Qe5 {is the only way for White.} Rc5 36. Qd4) 35... Qc6 (35... Nc5 36. Qe7 Qb7 (36... Nxe4 37. Nxe4 exf5 38. Nd6 $16) 37. Qd6 $15) 36. Qe7 {[%emt 0:01:09] And now f6 would win.} Re8 37. Qa7 Qc7 38. Qa6 Qc8 39. Qa7 (39. Qb5) 39... Rf8 40. h3 Qc7 41. Qa6 Qc6 42. Qa7 Rc1 43. Kh2 exf5 44. exf5 Rxf1 45. Rxf1 Rf7 {[%emt 0:00:52] Prevents f6.} ({Not} 45... Nc3 46. f6 Rxf6 (46... b1=B 47. Qxg7#) (46... gxf6 $2 47. Nf5 $18) 47. Qb8+ (47. Nf5 $2 Rxf5 48. Qb8+ Kh7 $19) 47... Kh7 48. Rxf6 Qxf6 49. Qxb2 $11) 46. Qf2 Rb7 47. Rb1 Rb3 48. Qd2 (48. Qd4 $142 Nc3 49. f6 Qxf6 (49... Nxb1 $2 50. Qd8+ Kh7 51. fxg7 $18) 50. Qc4+ Qf7 51. Qc8+ Kh7 52. Rxb2 Rxb2 53. Qxc3) 48... Kh7 49. f6 Qxf6 {[%emt 0:01:08][%cal Ob3g3] And now ...Rxg3! would win.} (49... gxf6 50. Nf5 Rb7 (50... Qc7+ 51. Kh1 $16) 51. Qxh6+ (51. Nxh6 $2 Qc3 $19) 51... Kg8 52. Re1 (52. Qg6+ Kf8 $11) 52... Qc7+ 53. Ng3 $11) 50. Qc2+ Qg6 51. Rxb2 (51. Qxb3 $2 {loses.} Qxb1 52. Qxa4 Qg6 $19) 51... Rxb2 52. Qxa4 {[%emt 0:10:18][%mdl 4096] Endgame KQR-KQN} Qd6 53. Qe4+ g6 54. Qf3 {[%emt 0:00:00] Prevents Rb3.} h5 55. Qf7+ Kh6 {[%emt 0:00:11] ( -> ...h4)} 56. Qe8 $2 {[%emt 0:00:00] [#]} (56. Kh1 $19) 56... h4 {[%emt 0:00:51] Black mates.} 57. Qh8+ Kg5 58. Qxb2 hxg3+ 59. Kg1 Qd1# {[%emt 0:00:04] Weighted Error Value: White=0.46/Black=0.24 (precise)   Mistake:       	White=8     	Black=1      Inaccurate:     	White=3     	Black=5      OK:         	White=20    	Black=22     Best:        	White=4     	Black=3      Strong:       	---       	Black=1} 0-1

[Event "AUT Bundesliga 2024-25"]
[Site "Austria"]
[Date "2025.04.03"]
[Round "7.15"]
[White "Maghsoodloo, Parham"]
[Black "Erdos, Viktor"]
[Result "1-0"]
[Annotator "RC"]
[ECO "D32"]
[WhiteElo "2684"]
[BlackElo "2542"]
[PlyCount "87"]
[EventDate "2024.08.28"]
[EventType "team-tourn"]
[EventCountry "AUT"]
[SourceTitle "playchess.com"]
[Source "ChessBase"]
[SourceQuality "1"]
[TimeControl "40/5400+30:1800+30"]

1. c4 e6 2. Nc3 d5 3. d4 c5 4. cxd5 exd5 5. Nf3 Nf6 6. Bg5 Be6 7. a3 Nc6 8. e3 c4 9. g3 Be7 10. Bg2 O-O 11. O-O Rc8 12. Nd2 Qd7 13. b3 cxb3 14. Nxb3 b6 15. Bxf6 Bxf6 16. Ne2 Ne7 17. Nbc1 Bg4 18. Qb3 Rc4 19. Nf4 Rfc8 20. Na2 g5 21. Nd3 Ng6 22. Nb2 Rc2 23. Nb4 R8c3 24. Nxd5 Rxb3 25. Nxf6+ Kg7 26. Nxd7 Rbxb2 27. Nb8 Ne7 28. h3 Be6 29. Rac1 Bc4 30. Rxc2 Rxc2 31. Ra1 Nd5 32. Nc6 Nc3 33. Nxa7 Ne2+ 34. Kh1 Nc3 35. Nc8 b5 36. Nd6 Bd3 37. Kg1 Ne2+ 38. Kh2 Nc3 39. f3 Nd5 40. Re1 Nxe3 41. Rxe3 Bf1 42. Re1 Bxg2 43. Nf5+ Kg6 44. Ne3 1-0

[Event "AUT Bundesliga 2024-25"]
[Site "Austria"]
[Date "2025.04.03"]
[Round "7.16"]
[White "Sankalp Gupta"]
[Black "Sarana, Alexey"]
[Result "1/2-1/2"]
[Annotator "TA"]
[ECO "B92"]
[WhiteElo "2548"]
[BlackElo "2672"]
[PlyCount "110"]
[EventDate "2024.08.28"]
[EventType "team-tourn"]
[EventCountry "AUT"]
[SourceTitle "playchess.com"]
[Source "ChessBase"]
[SourceQuality "1"]
[TimeControl "40/5400+30:1800+30"]

1. e4 c5 2. Nf3 d6 3. d4 cxd4 4. Nxd4 Nf6 5. Nc3 a6 6. Be2 e5 7. Nb3 Be7 8. Be3 Be6 9. Nd5 Nbd7 10. Qd3 O-O 11. O-O Bxd5 12. exd5 Nc5 13. Nxc5 {[%emt 0:06:13] B92: Sicilian Najdorf: 6 Be2.} dxc5 14. c4 Bd6 {[%emt 0:00:47] Not much happening anymore} 15. Bg5 {[%emt 0:09:40] White is slightly better.} e4 16. Qh3 $146 (16. Qc2 Re8 17. a3 Be5 18. Rab1 Qd6 19. h3 h6 20. Be3 Bd4 21. b4 b6 22. Rfd1 Bxe3 23. fxe3 {0-1 Walter,K (1596)-Tsolakidou,S (1750) GER-ch Net qual2 U14 blitz 2012 (3)}) 16... Be5 17. Rab1 Qd6 18. a3 a5 19. Bd1 h6 20. Bd2 Nh7 21. Kh1 f5 22. f3 Bf4 23. Bxf4 Qxf4 24. Qg3 Qxg3 25. hxg3 Nf6 26. Re1 Rfe8 27. Bc2 Kf8 28. Kg1 Re7 29. g4 exf3 30. gxf5 (30. Rxe7 $14 {deserves consideration.} f2+ 31. Kxf2 Nxg4+ 32. Ke2 Kxe7 33. Bxf5) 30... Rxe1+ $11 {[%emt 0:06:38] The position is equal.} 31. Rxe1 Re8 32. Rxe8+ Nxe8 33. gxf3 {[%emt 0:01:38][%mdl 4096] Endgame KB-KN. White is a pawn up.} Ke7 34. Kf2 Nd6 35. Bd3 a4 36. Kg3 Kf6 37. f4 Nxf5+ 38. Bxf5 Kxf5 {[%emt 0:00:02] KP-KP} 39. Kh4 {[%emt 0:00:08] [#] Black must now prevent Kh5.} g6 (39... Kxf4 $2 {too greedy.} 40. d6 $18) 40. Kg3 Kf6 41. Kg4 b6 42. Kg3 Ke7 {[%emt 0:00:06] [#]} 43. Kg4 Kd6 {[%emt 0:00:15][%cal Ob6b5] Strongly threatening ...b5!.} 44. f5 gxf5+ 45. Kxf5 b5 46. cxb5 {[%emt 0:00:06] b6 would kill now.} Kxd5 {[%emt 0:00:02] ( -> ...Kd6). K3P-K3P} 47. Kg6 $1 c4 48. Kxh6 {[%emt 0:00:18] K3P-KPP. White is a pawn up.} Kc5 49. Kg5 Kxb5 {[%emt 0:00:05] KPP-KPP} 50. Kf4 c3 51. bxc3 Kc4 52. Ke3 Kxc3 53. Ke2 Kb3 54. Kd2 Kxa3 {[%emt 0:00:02] ( -> ...Kb2)} 55. Kc3 Ka2 {[%emt 0:00:43] Weighted Error Value: White=0.08 (flawless) /Black=0.05 (flawless)   Mistake:       	White=1     	---        Inaccurate:     	White=1     	Black=2      OK:         	White=15    	Black=21     Best:        	White=1     	Black=1      Strong:       	White=1     	---} 1/2-1/2

[Event "AUT Bundesliga 2024-25"]
[Site "Austria"]
[Date "2025.04.03"]
[Round "7.17"]
[White "Esipenko, Andrey"]
[Black "Perunovic, Milos"]
[Result "1/2-1/2"]
[Annotator "TA"]
[ECO "B47"]
[WhiteElo "2696"]
[BlackElo "2501"]
[PlyCount "44"]
[EventDate "2024.08.28"]
[EventType "team-tourn"]
[EventCountry "AUT"]
[SourceTitle "playchess.com"]
[Source "ChessBase"]
[SourceQuality "1"]
[TimeControl "40/5400+30:1800+30"]

1. e4 c5 2. Nf3 e6 3. d4 cxd4 4. Nxd4 Nc6 5. Nc3 Qc7 6. f4 a6 7. Nxc6 Qxc6 8. Bd3 b5 9. Qe2 Bb7 10. Bd2 Rc8 {[%emt 0:05:36] B47: Sicilian: Taimanov: 5 Nc3 Qc7 6 f4, 6 g3 and 6 Be2.} 11. a3 Qb6 12. Rf1 $146 (12. e5 f5 13. a4 b4 14. a5 Qc7 15. Na4 Qxa5 16. O-O Rc6 17. Be3 Qc7 18. c4 {1-0 Babazada,K (2451)-Vokhidov,S (2597) Abu Dhabi op 29th 2023 (6)}) 12... Nf6 {[%emt 0:12:49] White is slightly better.} 13. e5 Nd5 14. Ne4 b4 15. axb4 {[%emt 0:00:20] White is more active.} (15. c4 $14 bxc3 16. bxc3) 15... Nxb4 $11 {[%emt 0:01:53] The position is equal.} 16. Bxb4 Bxb4+ 17. c3 Be7 18. Qf2 Qb3 19. Qc2 Qb6 20. Qf2 Qb3 21. Qc2 Qb6 22. Qf2 Qb3 {[%emt 0:00:07] Weighted Error Value: White=0.13 (very precise) /Black=0.09 (flawless)   Mistake:       	White=1     	---        Inaccurate:     	---       	Black=1      OK:         	White=5     	Black=4      Best:        	White=2     	---} 1/2-1/2